 Dungeon Crawl Stone Soup version 0.27-a0-1332-g84bddb5ca7 (webtiles) character file.

Game seed: 11027287141673023505

18139 hilljack the Geomancer (level 12, 0/88 HPs)
             Began as a Gargoyle Earth Elementalist on June 26, 2021.
             Was a Priest of Vehumet.
             Killed from afar by a molten gargoyle (14 damage)
             ... with a bolt of magma
             ... in a volcano.
             The game lasted 00:26:16 (13533 turns).

hilljack the Geomancer (GrEE)                      Turns: 13533, Time: 00:26:17

Health: 0/88       AC: 17    Str: 18    XL:     12   Next: 55%
Magic:  2/24       EV: 15    Int: 24    God:    Vehumet [***...]
Gold:   494        SH:  6    Dex: 14    Spells: 10/27 levels left

rFire    + . .     SeeInvis +   a - +6 whip
rCold    . . .     Faith    .   p - +1 buckler
rNeg     + . .     Spirit   .   e - +0 robe {rF+}
rPois    ∞         Reflect  .   K - +0 helmet
rElec    +         Harm     .   x - +0 cloak
rCorr    +         Rampage  .   z - +0 pair of gloves of Least Resistance {Int+2 Dex+4 Stlth-}
Will     .....                  k - +0 pair of boots
Stlth    ..........             M - amulet of regeneration
HPRegen  1.24/turn              j - +6 ring of intelligence
MPRegen  0.19/turn              L - ring "Ydozy" {rCorr Str+6 Int-5 SInv}

@: berserking, very quick
A: sickness immunity, AC +8, negative energy resistance 1, electricity
resistance, torment resistance 1, petrification resistance
a: Renounce Religion


You were in a volcano.
You worshipped Vehumet.
Vehumet was most pleased with you.
You visited 3 branches of the dungeon, and saw 14 of its levels.
You also visited: Volcano.

You collected 816 gold pieces.
You spent 322 gold pieces at shops.

Inventory:

Hand Weapons
 a - a +6 whip (weapon)
 d - a +0 dagger of venom
 r - a +0 quarterstaff
 B - a +4 trident
Missiles
 c - 49 stones
Armour
 e - a +0 robe of fire resistance (worn)
 k - a +0 pair of boots (worn)
 p - a +1 buckler (worn)
 x - a +0 cloak (worn)
 z - the +0 pair of gloves of Least Resistance (worn) {Int+2 Dex+4 Stlth-}
   (You found it on level 7 of the Dungeon)

   It affects your intelligence (+2).
   It affects your dexterity (+4).
   It makes you less stealthy.
 H - +1 steam dragon scales
 K - a +0 helmet (worn)
Jewellery
 j - a +6 ring of intelligence (left hand)
 L - the ring "Ydozy" (right hand) {rCorr Str+6 Int-5 SInv}
   (You found it on level 11 of the Dungeon)

   [ring of strength]

   It affects your strength (+6).
   It affects your intelligence (-5).
   It lets you see invisible.
   It protects you from acid and corrosion.
 M - an amulet of regeneration (around neck)
Wands
 b - a wand of paralysis (5)
 q - a wand of flame (45)
 t - a wand of mindburst (13)
 y - a wand of iceblast (12)
Scrolls
 i - 5 scrolls of teleportation
 l - a scroll of magic mapping
 m - 3 scrolls of immolation
 n - 2 scrolls of amnesia
 D - 3 scrolls of identify
 F - a scroll of holy word
 G - 4 scrolls of noise
 J - a scroll of vulnerability
Potions
 f - 5 potions of resistance
 g - 5 potions of curing
 o - a potion of brilliance {unknown}
 s - 2 potions of flight
 u - a potion of might
 v - 3 potions of attraction
 w - 2 potions of lignification
 A - 2 potions of heal wounds
 C - 2 potions of degeneration
 E - a potion of ambrosia
Miscellaneous
 O - a box of beasts (inert)
 P - a tin of tremorstones (2/2)


   Skills:
 + Level 9.2 Armour
 + Level 7.2 Dodging
 - Level 2.1 Stealth
 - Level 5.0 Shields
 + Level 8.1 Spellcasting
 + Level 10.3 Conjurations
 - Level 0.7 Transmutations
 + Level 11.7 Earth Magic


You had 10 spell levels left.
You knew the following spells:

 Your Spells              Type           Power      Damage    Failure   Level
a - Sandblast             Erth           100%       2d20      1%          1
b - Passwall              Tmut/Erth      32%        N/A       1%          2
c - Stone Arrow           Conj/Erth      100%       3d13      1%          3
d - Petrify               Tmut/Erth      39%        N/A       4%          4
e - Searing Ray           Conj           100%       3d7       1%          2
f - Lee's Rapid Deconstr  Erth           30%        3d17*     1%          5

Your spell library contained the following spells:

 Spells                   Type           Power      Damage    Failure   Level
 Airstrike                Air            4%         N/A       17%         4
 Freeze                   Ice            36%        1d6       1%          1
 Magic Dart               Conj           100%       1d8       1%          1
 Dazzling Flash           Conj/Hex       68%        N/A       1%          3
 Fulminant Prism          Conj/Hex       17%        3d11      2%          4
 Hailstorm                Conj/Ice       34%        3d9       2%          4
 Iskenderun's Mystic Bla  Conj/Tloc      34%        2d8       2%          4
 Frozen Ramparts          Ice            18%        1d3       5%          3
 Ozocubu's Armour         Ice            9%         N/A       19%         3
 Metabolic Englaciation   Hex/Ice        4%         N/A       87%         5


Dungeon Overview and Level Annotations

Branches:
Dungeon (11/15)            Temple (1/1) D:6            Lair (2/6) D:11
  Swamp (0/4) Lair:2      Volcano (1/1)
  Snake: Lair:2-4    Spider: Lair:2-4       Orc: D:9-12

Altars:
Ashenzari
Dithmenos
Elyvilon
Fedhas
Gozag
Hepliaklqana
Kikubaaqudgha
Nemelex Xobeh
Okawaru
Qazlal
Ru
Trog
Uskayaw
Vehumet
Wu Jian
Xom
Yredelemnul
Zin
The Shining One

Shops:
D:2 [   D:3 ?   D:8 !

Annotations:
Lair:1 exclusion: oklob plant


Innate Abilities, Weirdness & Mutations

You are immune to sickness and miasma.
Your stone body is resilient. (AC +8)
You are immune to poison.
You resist negative energy. (rN+)
You are resistant to electric shocks. (rElec)
You are resistant to unholy torment.
You are immune to petrification.


Message History

You assume a fearsome visage.
The molten gargoyle is unaffected.
The salamander looks frightened!
The gargoyle is unaffected.
The gargoyle hits you with a +0 mace.
The molten gargoyle blasts magma at you!
The bolt of magma misses you.
You feel much better.
The gargoyle hurls a stone arrow at you.
The stone arrow hits you.
A red film seems to cover your vision as you go berserk!
You feel yourself moving faster!
You feel mighty!
The gargoyle hurls a stone arrow at you.
The stone arrow hits you! The molten gargoyle closely misses you.
You hit the molten gargoyle but do no damage.
The gargoyle hurls a stone arrow at you.
You block the stone arrow.
The molten gargoyle hits you with a +0 flail!
You are engulfed in flames.
You resist.
You hit the molten gargoyle.
The molten gargoyle is lightly damaged.
You block the gargoyle's attack.
You hit the molten gargoyle but do no damage.
The molten gargoyle is lightly damaged.
The salamander seems to regain its courage.
The molten gargoyle hits you with a +0 flail.
You are engulfed in flames.
You resist.
You barely miss the molten gargoyle.
The molten gargoyle is lightly damaged.
The gargoyle hits you with a +0 mace.
The molten gargoyle hits you with a +0 flail.
* * * LOW HITPOINT WARNING * * *
You are engulfed in flames.
You resist.
* * * LOW HITPOINT WARNING * * *
You whack the molten gargoyle!
The molten gargoyle is moderately damaged.
The gargoyle hurls a stone arrow at you.
The stone arrow hits you!
* * * LOW HITPOINT WARNING * * *
The molten gargoyle blasts magma at you!
The bolt of magma hits you! You partially resist.
You die...

#≈≈≈≈≈≈≈#≈≈≈≈≈§§#....#
##≈9≈≈≈[≈#≈≈≈≈≈≈≈#...##
...#≈≈≈≈≈≈#≈≈≈≈≈≈#...##
##..##≈≈≈≈#≈≈≈≈#....##
###..#≈≈≈#≈≈≈#..####
##..(#.#.#)..##
##..).#....##
#######9'###''##########
....N..@.# #..(.........
......9..# #........)...
#'##'###########'##'###(
#$ #8...8# #.##.# #. #
#.....# ###### #.
####...).##########.
......⌠.............
....8...8...........
##.....###########


You could see a salamander, a molten gargoyle and a gargoyle.

Vanquished Creatures
  A two-headed ogre (D:11)
  A hell knight (Volcano)
  3 deep elf pyromancers
  4 cyclopes
  A black mamba (Lair:1)
  2 gargoyles (Volcano)
  6 cane toads (Lair:1)
  2 molten gargoyles (Volcano)
  Maggie (D:10)
  A rime drake (Lair:1)
  5 komodo dragons
  A kobold demonologist (D:9)
  An efreet (Volcano)
  A troll (D:11)
  A hornet (D:9)
  Prince Ribbit (D:9)
  Sigmund (D:3)
  13 yaks
  A shadow (D:11)
  A vampire (D:10)
  5 wyverns
  4 vampire mosquitoes (D:10)
  An acid dragon (D:9)
  2 water moccasins
  4 orc warriors
  A swamp drake (D:11)
  3 ice beasts
  3 sky beasts
  2 black bears
  2 necrophages
  4 wolves (Lair:1)
  2 ogres
  3 centaurs
  2 kobold brigands
  2 gnoll sergeants
  2 bullfrogs (D:7)
  4 scorpions
  A water moccasin zombie (D:5)
  A killer bee (D:7)
  A wight (D:7)
  5 howler monkeys
  2 electric eels (D:10)
  A bullfrog zombie (D:5)
  3 centaur zombies
  3 jellies
  A hound (D:4)
  A bullfrog skeleton (D:4)
  A centaur skeleton (D:6)
  An orc priest (D:8)
  6 iguanas
  8 orc wizards
  A killer bee zombie (D:7)
  2 howler monkey zombies
  11 gnolls
  7 adders
  2 shadow imps
  A white imp (D:7)
  An adder skeleton (D:4)
  3 worms
  3 dart slugs
  18 orcs
  4 endoplasms
  2 giant cockroaches
  8 goblins
  10 hobgoblins
  12 jackals
  10 kobolds
  4 quokkas
  4 ball pythons
  3 bats
  3 frilled lizards
  A kobold zombie (D:8)
  An orc zombie (D:8)
  3 rats
243 creatures vanquished.

Vanquished Creatures (collateral kills)
  A mummy (D:8)
  A hobgoblin zombie (D:8)
  An orc zombie (D:8)
3 creatures vanquished.

Vanquished Creatures (others)
  3 fungi (Lair:1)
  8 plants
11 creatures vanquished.

Grand Total: 257 creatures vanquished

Notes
Turn   | Place    | Note
-------+----------+-------------------------------------------
     0 | D:1      | hilljack the Gargoyle Earth Elementalist began the quest
                  | for the Orb.
     0 | D:1      | Reached XP level 1. HP: 10/10 MP: 3/3
   382 | D:1      | Reached XP level 2. HP: 12/15 MP: 1/5
   456 | D:1      | Reached skill level 1 in Conjurations
   476 | D:1      | Reached skill level 4 in Earth Magic
   756 | D:1      | Reached XP level 3. HP: 8/19 MP: 0/6
  1053 | D:2      | Found Nuevin Xeuc's Antique Armour Shoppe.
  1078 | D:3      | Noticed Sigmund
  2042 | D:2      | Reached XP level 4. HP: 24/24 MP: 3/7
  2610 | D:3      | Killed Sigmund
  2611 | D:3      | Reached skill level 1 in Armour
  2611 | D:3      | Reached skill level 5 in Earth Magic
  2611 | D:3      | Reached XP level 5. HP: 28/28 MP: 3/9
  2611 | D:3      | Reached XP level 6. HP: 32/32 MP: 3/10
  2869 | D:3      | Found Wece's Magic Scroll Emporium.
  2918 | D:3      | Bought a scroll of magic mapping for 38 gold pieces
  2918 | D:3      | Bought a scroll of immolation for 38 gold pieces
  2918 | D:3      | Bought a scroll of amnesia for 38 gold pieces
  3363 | D:3      | Found an ornate altar of the Wu Jian Council.
  3978 | D:4      | Reached XP level 7. HP: 30/36 MP: 6/11
  4025 | D:4      | Learned a level 2 spell: Passwall
  4029 | D:4      | Learned a level 3 spell: Stone Arrow
  4034 | D:4      | Learned a level 4 spell: Petrify
  4052 | D:4      | Reached skill level 6 in Earth Magic
  4270 | D:4      | Found a shadowy altar of Dithmenos.
  4438 | D:4      | Learned a level 2 spell: Searing Ray
  4496 | D:5      | Entered Level 5 of the Dungeon
  4710 | D:5      | Reached skill level 5 in Conjurations
  4710 | D:5      | Reached XP level 8. HP: 23/41 MP: 13/13
  4717 | D:5      | HP: 1/41 [black bear (3)]
  5028 | D:4      | Reached skill level 7 in Earth Magic
  5822 | D:6      | Found an ancient bone altar of Kikubaaqudgha.
  5949 | D:6      | Reached skill level 8 in Earth Magic
  6004 | D:6      | Reached XP level 9. HP: 45/45 MP: 12/15
  6149 | D:6      | Reached skill level 1 in Shields
  6197 | D:6      | Found a staircase to the Ecumenical Temple.
  6206 | Temple   | Entered the Ecumenical Temple
  6210 | Temple   | Became a worshipper of Vehumet
  6729 | D:7      | Found an opulent altar of Gozag.
  7277 | D:7      | Reached skill level 5 in Shields
  7443 | D:7      | Identified the +0 pair of gloves of Least Resistance {Int+2
                  | Dex+4 Stlth-}
  7457 | D:7      | Reached * piety under Vehumet
  7457 | D:7      | Offered knowledge of Shock by Vehumet.
  7561 | D:7      | Reached skill level 5 in Armour
  7974 | D:8      | Found Qoago's Distillery.
  7993 | D:8      | Bought a potion of might for 64 gold pieces
  7993 | D:8      | Bought a potion of degeneration for 16 gold pieces
  7993 | D:8      | Bought a potion of ambrosia for 128 gold pieces
  8076 | D:8      | Reached skill level 5 in Spellcasting
  8076 | D:8      | Reached XP level 10. HP: 50/50 MP: 12/17
  8079 | D:8      | Reached skill level 9 in Earth Magic
  8191 | D:8      | Noticed a deep elf pyromancer
  8196 | D:8      | Killed a deep elf pyromancer
  8984 | D:9      | Reached skill level 5 in Dodging
  9049 | D:9      | Noticed a kobold demonologist
  9058 | D:9      | Killed a kobold demonologist
  9080 | D:9      | Noticed Prince Ribbit
  9093 | D:9      | Killed Prince Ribbit
  9479 | D:9      | Found a hazy altar of Hepliaklqana.
  9771 | D:9      | Reached ** piety under Vehumet
 10176 | D:10     | Entered Level 10 of the Dungeon
 10220 | D:10     | Offered knowledge of Static Discharge by Vehumet.
 10227 | D:10     | Learned a level 5 spell: Lee's Rapid Deconstruction
 10398 | D:10     | Found a white marble altar of Elyvilon.
 10399 | D:10     | Noticed Maggie
 10411 | D:10     | Killed Maggie
 10412 | D:10     | Reached skill level 10 in Earth Magic
 10412 | D:10     | Reached XP level 11. HP: 38/54 MP: 13/20
 10994 | D:10     | Found a bloodstained altar of Trog.
 11104 | D:11     | Noticed a cyclops
 11114 | D:11     | Killed a cyclops
 11141 | D:11     | Noticed a two-headed ogre
 11150 | D:11     | Killed a two-headed ogre
 11447 | D:11     | Identified the ring "Ydozy" {rCorr Str+6 Int-5 SInv}
 11655 | D:11     | Offered knowledge of Conjure Flame by Vehumet.
 11773 | D:11     | Found a staircase to the Lair.
 12060 | Lair:1   | Entered Level 1 of the Lair of Beasts
 12067 | Lair:1   | Noticed an oklob plant
 12193 | Lair:1   | Reached *** piety under Vehumet
 12201 | Lair:1   | Reached skill level 11 in Earth Magic
 12393 | Lair:1   | Reached XP level 12. HP: 39/59 MP: 12/23
 12989 | Lair:2   | Offered knowledge of Airstrike by Vehumet.
 13044 | Lair:2   | Found a dark tunnel.
 13077 | Volcano  | Entered a volcano
 13088 | Volcano  | Reached skill level 10 in Conjurations
 13321 | Volcano  | Noticed a hell knight
 13339 | Volcano  | Killed a hell knight
 13437 | Volcano  | Noticed an orb of fire
 13462 | Volcano  | Noticed an orb of fire
 13533 | Volcano  | Killed from afar by a molten gargoyle

Illustrated notes

Levels and vault maps discovered:
D:1:      scummos_arrival_hexagon, layout_loops_ring, serial_rivers,
          chequers_serial_rivers_large_a, chequers_serial_rivers_micro_c,
          chequers_serial_rivers_large_b, chequers_serial_rivers_micro_a,
          chequers_serial_rivers_micro_b
D:2:      layout_loops_cross, serial_shops, shop, corexii_corridor_pit
D:3:      layout_rooms, nzn_wu_jian_contemplation, serial_shops,
          nicolae_shop_temple_entry_statues_fountains, uniq_sigmund
D:4:      layout_loops_ring, lemuel_tele_altar, kennysheep_generic_room_7
D:5:      layout_rooms
D:6:      layout_cave_pools, nicolae_overflow_hidden_temple,
          minmay_temple_entry_butterflies, grunt_decor_cap,
          minmay_strange_pillars
D:7:      minmay_razor_zed, layout_cave_pools, grunt_gozag_statues,
          kennysheep_generic_room_15
D:8:      layout_gridville, serial_shops, shop, grunt_decor_arrowhead,
          minmay_mini_ossuary
D:9:      layout_basic, lemuel_crystal_altar, uniq_prince_ribbit1
D:10:     layout_long_grid, trog_butcher_becter, elyvilon_altar_3, minivault_4,
          uniq_maggie
D:11:     layout_basic, erik_lair_dragon
Temple:   nicolae_temple_x_marks_the_god
Lair:1:   minmay_lair_oklob_tunnel, layout_misc_corridors, grunt_megastairs_3,
          serial_bayou_shore_b, uniq_urug
Lair:2:   layout_hall_layers, palyth_hydra_swamp_entry,
          lightli_volcano_entry_magma_tube, special_room [special_room_bee],
          minmay_lair_oklob_chamber
Volcano:  hellmonk_zot_springs

Skill      XL: |  1  2  3  4  5  6  7  8  9 10 11 12 |
---------------+-------------------------------------+-----
Conjurations   | 1 2 3 4 5 6 7 8 9 10 | 10.3
Earth Magic    | 4 5 6 8 10 11 | 11.7
Armour         | 1 2 3 4 5 6 8 9 |  9.2
Dodging        | 2 3 4 5 6 7 |  7.2
Spellcasting   | 3 4 5 6 7 8 |  8.1
Shields        | 5 |  5.0
Stealth        | |  2.1
Transmutations | |  0.7

Action                   |  1- 3 |  4- 6 |  7- 9 | 10-12 || total
-------------------------+-------+-------+-------+-------++-------
Melee: Club              |     1 |       |       |       ||     1
       Dagger            |    24 |   104 |     2 |       ||   130
       Whip              |       |       |    39 |    44 ||    83
 Cast: Sandblast         |    49 |    32 |   133 |   192 ||   406
       Stone Arrow       |       |       |       |    57 ||    57
       Lee's Rapid Decon |       |       |       |     2 ||     2
       Passwall          |       |       |       |     1 ||     1
Evoke: Wand              |       |       |       |     1 ||     1
       Box of beasts     |       |       |       |     1 ||     1
  Use: Scroll            |       |     2 |    11 |     8 ||    21
       Potion            |       |       |     1 |     2 ||     3
 Stab: Distracted        |       |     1 |       |       ||     1
Armor: Robe              |     5 |       |       |       ||     5
       Leather armour    |    10 |    54 |    75 |    35 ||   174
       Steam dragon scal |       |       |       |    33 ||    33
Dodge: Dodged            |    39 |    86 |    73 |   109 ||   307
Block: Buckler           |       |       |    14 |    48 ||    62

Table legend: (Time is in decaauts)
 A = Elapsed time spent in this place.
 B = Non-inter-level travel time spent in this place.
 C = Inter-level travel time spent in this place.
 D = Time resting spent in this place.
 E = Time spent auto-exploring this place.
 F = Levels seen in this place.
 G = Mean time per level.
                   A        B        C        D        E       F      G
               +--------+--------+--------+--------+--------+-----+--------+
         Total |  13624 |  13056 |    568 |   2912 |   8364 |  15 |  908.3 |
       Dungeon |  12076 |  11545 |    531 |   2444 |   7602 |  11 | 1097.8 |
        Temple |     63 |     56 |      7 |      0 |     52 |   1 |   63.0 |
          Lair |   1016 |    988 |     28 |    254 |    586 |   2 |  508.0 |
       Volcano |    467 |    467 |      0 |    214 |    124 |   1 |  467.0 |
               +--------+--------+--------+--------+--------+-----+--------+

Top non-repeatable levels by time:
     D:9: 1497 daAuts
     D:4: 1423 daAuts
     D:7: 1401 daAuts
     D:1: 1339 daAuts
     D:2: 1321 daAuts
    D:11: 965 daAuts
    D:10: 922 daAuts
  Lair:1: 909 daAuts
     D:6: 875 daAuts
     D:3: 838 daAuts
     D:5: 801 daAuts
     D:8: 690 daAuts
 Volcano: 467 daAuts
  Lair:2: 107 daAuts
  Temple: 63 daAuts
